 Dungeon Crawl Stone Soup version 0.31-a0-214-gb37851dbb3 (webtiles) character file.

Game seed: 17621074363695647880

14 qw the Shooter (level 2, -1/16 HPs)
             Began as a Gargoyle Hexslinger on July 1, 2023.
             Slain by a jackal (2 damage)
             ... on level 1 of the Dungeon.
             The game lasted 00:00:10 (201 turns).

qw the Shooter (Gargoyle Hexslinger)                 Turns: 201, Time: 00:00:11

Health: -1/16      AC:  4    Str: 11    XL:     2   Next: 41%
Magic:  3/3        EV: 12    Int: 13    God:
Gold:   12         SH:  0    Dex: 12    Spells: 2/3 levels left

rFire   . . .        a - +1 sling
rCold   . . .        (no shield)
rNeg    + . .        c - +0 robe
rPois   inf          (no helmet)
rElec   +            (no cloak)
rCorr   .            (no gloves)
SInv    .            (no boots)
Will    .....        (no amulet)
Stlth   +            (no ring)
HPRegen 0.22/turn    (no ring)
MPRegen 0.08/turn

%: no passive effects
@: no status effects
A: sickness immunity, AC +2, negative energy resistance 1, electricity
resistance, torment resistance 1, petrification resistance
a: no special abilities


You were on level 1 of the Dungeon.
You visited 1 branch of the dungeon, and saw 1 of its levels.

You collected 12 gold pieces.


Innate Abilities, Weirdness & Mutations

You are immune to sickness and miasma.
Your stone body is resilient. (AC +2)
You are immune to poison.
You resist negative energy. (rN+)
You are resistant to electric shocks. (rElec)
You are resistant to unholy torment.
You are immune to petrification.


   Skills:
 + Level 1.1 Fighting
 - Level 3.0 Ranged Weapons
 - Level 1.5 Dodging
 - Level 1.0 Spellcasting
 - Level 2.6 Hexes


You had 2 spell levels left.
You knew the following spells:

 Your Spells              Type           Power      Damage    Failure   Level
a - Slow                  Hex            28%        N/A       10%         1

Your spell library contained the following spells:

 Spells                   Type           Power      Damage    Failure   Level
 Inner Flame              Hex/Fire       4%         N/A       43%         3
 Portal Projectile        Hex/Tloc       8%         N/A       43%         3
 Cause Fear               Hex            3%         N/A       67%         4

Inventory:

Hand Weapons
 a - a +1 sling (weapon)
Armour
 c - a +0 robe (worn)
Scrolls
 b - a scroll of poison
 d - a scroll of identify {unknown}
Potions
 e - a potion of brilliance {unknown}

Dungeon Overview and Level Annotations

Branches:
Dungeon (1/15)

Altars:


Message History

The ball python grabs you. The ball python constricts you.
The jackal barely misses you. x2; The ball python bites you.
The ball python constricts you.
You shoot a sling bullet. The sling bullet hits the ball python.
The ball python is moderately wounded.
The bat hits you but does no damage. The jackal barely misses you.
The jackal bites you but does no damage.
The ball python closely misses you. The ball python constricts you.
The jackal closely misses you. x2
You shoot a sling bullet. The sling bullet hits the ball python.
You kill the ball python!
The bat hits you. The jackal bites you.
The jackal bites you but does no damage. x2
You shoot a sling bullet. The sling bullet hits the jackal.
The jackal is almost dead.
The bat misses you.
The jackal bites you but does no damage.
The bat closely misses you. The jackal barely misses you. The jackal bites you.
You shoot a sling bullet.
The sling bullet closely misses the jackal.
The bat hits you but does no damage. The jackal closely misses you. x2
The kobold hits you with a +0 dagger.
The jackal bites you but does no damage.
The jackal barely misses you. The kobold hits you but does no damage.
You shoot a sling bullet.
The sling bullet barely misses the jackal.
The sling bullet closely misses the jackal.
The bat closely misses you.
The jackal bites you but does no damage.
The jackal closely misses you. The kobold hits you but does no damage.
You shoot a sling bullet.
The sling bullet closely misses the jackal.
The bat hits you. The jackal barely misses you. The jackal closely misses you.
The kobold hits you but does no damage. The jackal bites you.
You shoot a sling bullet.
The sling bullet hits the jackal but does no damage.
The bat hits you. The jackal bites you. The jackal misses you.
The kobold hits you but does no damage. The bat hits you but does no damage.
The jackal barely misses you. The jackal bites you.
You die...

..... $)
[..)^. ..
...... .#
#..... ..
#.....# .# # .
#.... .#?#.##
#...###h#.....
#..b@h.###
#..#hK...#
#....##..##
#.#.......#
#....####...
#....#.## ##
#.##.#..###
... #.##...# .
... #.####.##
...


You could see 3 jackals, a bat and a kobold.

Vanquished Creatures
  2 dart slugs (D:1)
  2 ball pythons (D:1)
  2 giant cockroaches (D:1)
  A hobgoblin (D:1)
  A bat (D:1)
  2 kobolds (D:1)
10 creatures vanquished.

Notes
Turn   | Place    | Note
-------+----------+-------------------------------------------
     0 | D:1      | qw the Gargoyle Hexslinger began the quest for the Orb.
     0 | D:1      | Reached XP level 1. HP: 12/12 MP: 2/2
     0 | D:1      | 0 ||| qw: Version: 0.3-a-32-g5962c71
     0 | D:1      | 0 ||| qw: Game counter: 7662
     0 | D:1      | 0 ||| qw: Melee chars always use a shield: true
     0 | D:1      | 0 ||| qw: God list: Okawaru
     0 | D:1      | 0 ||| qw: Allow faded altars: false
     0 | D:1      | 0 ||| qw: Do Orc after clearing Dungeon:15 true
     0 | D:1      | 0 ||| qw: Do second Lair branch before Depths: true
     0 | D:1      | 0 ||| qw: Lair rune preference: random
     0 | D:1      | 0 ||| qw: Goals: Normal
     0 | D:1      | 0 ||| PLANNING D:1-11
    56 | D:1      | 56 ||| FLEEEEING.
    57 | D:1      | 57 ||| FLEEEEING.
    58 | D:1      | 58 ||| FLEEEEING.
    89 | D:1      | Reached XP level 2. HP: 16/16 MP: 3/3
   167 | D:1      | Reached skill level 3 in Ranged Weapons
   198 | D:1      | HP: 4/16 [kobold/+0 dagger (3)]
   201 | D:1      | HP: 1/16 [jackal (1)]
   201 | D:1      | Slain by a jackal

Levels and vault maps discovered:
D:1:      dpeg_arrival_erosion, layout_rooms, st_stairs_3, serial_bayou_pond_d,
          minmay_tromino_i4

Skill      XL: |  1  2 |
---------------+-------+-----
Ranged Weapons | 3 |  3.0
Fighting       | |  1.1
Dodging        | |  1.5
Spellcasting   | |  1.0
Hexes          | |  2.6

Action                     || total
---------------------------++-------
   Fire: Sling             ||    51
 Armour: Robe              ||    24
  Dodge: Dodged            ||    46

Table legend:
 A = Non-vault XP
 B = Vault XP
 C = Vault XP percentage of total XP
 D = Non-vault monster count
 E = Vault monster count
 F = Vault count percentage of total count
                 A         B        C        D         E       F
            +---------+---------+-------+---------+---------+-------
      Total |      17 |       3 |  15.0 |       7 |       3 |  30.0
            +---------+---------+-------+---------+---------+-------
        D:1 |      17 |       3 |  15.0 |       7 |       3 |  30.0
            +---------+---------+-------+---------+---------+-------
